 Dungeon Crawl Stone Soup version 0.24-a0-762-gca426f56c8 (webtiles) character file.

Game seed: 2183773420828115983, levelgen mode: deterministic

44 Arixos the Grasshopper (level 3, 0/16 HPs)
             Began as a Felid Warper on Oct 3, 2019.
             Slain by a worm (10 damage)
             ... on level 3 of the Dungeon.
             The game lasted 00:12:50 (1861 turns).

Arixos the Grasshopper (Felid Warper)               Turns: 1861, Time: 00:12:51

Health: 0/16       AC:  1    Str:  7    XL:     3   Next: 41%
Magic:  5/7        EV: 19    Int: 15    God:
Gold:   50         SH:  0    Dex: 15    Spells: 2/6 levels left
                                        Lives:  0   Deaths: 0

rFire    . . .     SeeInvis +     - Unarmed
rCold    . . .     Gourm    .   (shield unavailable)
rNeg     . . .     Faith    .   (armour unavailable)
rPois    .         Spirit   .   (helmet unavailable)
rElec    .         Reflect  .   (cloak unavailable)
rCorr    .         Harm     .   (gloves unavailable)
MR       .....                  (boots unavailable)
Stlth    ++........             (no amulet)
HPRegen  0.05/turn              (no ring)
MPRegen  0.10/turn              (no ring)

@: shrouded (expiring), quick
A: very small, no armour, no weapons or thrown items, stealth, claws 1, fangs 3,
see invisible, carnivore, speed 1, shaggy fur 1, slow metabolism 1, sharp paws
a: no special abilities


You were on level 3 of the Dungeon.
You were very full.

You visited 1 branch of the dungeon, and saw 3 of its levels.

You collected 50 gold pieces.

Inventory:

Scrolls
 a - a scroll of enchant weapon {unknown}
 b - a scroll of blinking
 d - a scroll of fear {unknown}
 g - a scroll of fog {unknown}
 i - 3 scrolls of identify {unknown}
 k - a scroll of magic mapping {unknown}
 l - 2 scrolls of random uselessness {unknown}
 m - a scroll of remove curse {unknown}
Potions
 e - a potion of heal wounds {unknown}
 f - 2 potions of flight {unknown}
 h - 4 potions of might {unknown}
 j - 2 potions of curing {unknown}
Comestibles
 c - 5 rations


   Skills:
 + Level 2.3 Fighting
 + Level 3.7 Dodging
 + Level 1.6 Stealth
 + Level 2.5 Unarmed Combat
 + Level 2.3 Spellcasting
 + Level 0.8 Charms
 - Level 4.4 Translocations


You had 2 spell levels left.
You knew the following spells:

 Your Spells              Type           Power        Failure   Level  Hunger
a - Shroud of Golubria    Chrm/Tloc      #.....       11%         2    ###....
e - Blink                 Tloc           N/A          5%          2    ###....

Your spell library contained the following spells:

 Spells                   Type           Power        Failure   Level  Hunger
 Gell's Gravitas          Tloc           ##........   11%         3    ###....
 Lesser Beckoning         Tloc           ##........   11%         3    ###....
 Teleport Other           Tloc           ##......     11%         3    ###....
 Passage of Golubria      Tloc           N/A          34%         4    #####..


Dungeon Overview and Level Annotations

Branches:
Dungeon (3/15)

Altars:
Cheibriados
Dithmenos
Uskayaw


Innate Abilities, Weirdness & Mutations

You cannot wear armour.
You are incapable of wielding weapons or throwing items.
Your paws allow you to move quietly. (Stealth)
You have sharp claws.
You have razor-sharp teeth.
You have supernaturally acute eyesight. (SInv)
You are carnivorous and can eat meat at any time.
You cover ground quickly.
You are covered in fur. (AC +1)
You have a slow metabolism.
Your sharp claws are effective at attacking unaware monsters.


Message History

The worm is too close now for your liking.
Casting: Shroud of Golubria (safe; 11% risk of failure)
Confirm with . or Enter, or press ? or * to list all spells.
Space distorts slightly along a thin shroud covering your body.
You scratch the worm.
The worm is lightly wounded.
The worm bites you.
You barely miss the worm.
The worm is lightly wounded.
You barely miss the worm.
The worm is lightly wounded.
Your shroud begins to fray at the edges.
The worm barely misses you.
You claw the worm!
The worm is moderately wounded.
You scratch the worm but do no damage.
The worm is moderately wounded.
The worm bites you!
Ouch! That really hurt!
You die...

#.# ... #.# #.#
# #.#
###.####.######
..............#
........w.....#
....##†##@.##.#
. #.#
##.##.##### ...
#..#...... .##.
##.....# .w
##.##...#..# .
......#.#..#
...........#
####.##.##.#
#.##.##.#


You could see a worm.

Vanquished Creatures
  An adder (D:2)
  2 leopard geckos (D:3)
  2 giant cockroaches (D:1)
  5 goblins
  3 hobgoblins
  7 kobolds
  A ball python (D:1)
  5 bats
  6 rats
32 creatures vanquished.

Notes
Turn   | Place    | Note
-------+----------+-------------------------------------------
     0 | D:1      | Arixos the Felid Warper began the quest for the Orb.
     0 | D:1      | Reached XP level 1. HP: 9/9 MP: 4/4
   207 | D:1      | Reached XP level 2. HP: 13/13 MP: 6/6
   211 | D:1      | Learned a level 2 spell: Shroud of Golubria
   746 | D:1      | Reached skill level 1 in Stealth
  1091 | D:2      | Found a shadowy altar of Dithmenos.
  1139 | D:2      | Reached XP level 3. HP: 12/16 MP: 1/7
  1337 | D:2      | Learned a level 2 spell: Blink
  1341 | D:2      | Found a hide-covered altar of Uskayaw.
  1380 | D:2      | Found a snail-covered altar of Cheibriados.
  1546 | D:2      | Found a faded altar of an unknown god.
  1861 | D:3      | Slain by a worm

Levels and vault maps discovered:
D:1:      dpeg_arrival_brainrot, layout_basic
D:2:      layout_basic, grunt_dithmenos_smoke, lemuel_crystal_altar,
          eat_drink_and_be_merry_uskayaw, chequers_ecumenical_altar_twisty
D:3:      layout_loops_ring, minmay_ruptured, uniq_grinder

Skill      XL: |  1  2 |
---------------+-------+-----
Stealth        | 1 |  1.6
Fighting       | |  2.3
Dodging        | |  3.7
Unarmed Combat | |  2.5
Spellcasting   | |  2.3
Charms         | |  0.8
Translocations | |  4.4

Action                   || total
-------------------------++-------
Melee: Unarmed           ||   102
       Bite              ||     9
 Cast: Shroud of Golubri ||    24
 Stab: Sleeping          ||     2
  Eat: Chunk             ||     9
Armor: Skin              ||     9
Dodge: Dodged            ||   100

Table legend:
 A = Non-vault XP
 B = Vault XP
 C = Vault XP percentage of total XP
 D = Non-vault monster count
 E = Vault monster count
 F = Vault count percentage of total count
                 A         B        C        D         E       F
            +---------+---------+-------+---------+---------+-------
      Total |      55 |       9 |  14.1 |      28 |       4 |  12.5
            +---------+---------+-------+---------+---------+-------
        D:1 |      22 |       0 |   0.0 |      15 |       0 |   0.0
        D:2 |      33 |       0 |   0.0 |      13 |       0 |   0.0
        D:3 |       0 |       9 | 100.0 |       0 |       4 | 100.0
            +---------+---------+-------+---------+---------+-------
